 Dungeon Crawl Stone Soup version 0.31-a0-765-g67fe2935dc (webtiles) character file.

Game seed: 10326969300609493139

40008 MackTheKnife the Severer (level 14, -6/118 HPs)
             Began as a Formicid Wanderer on Sept 15, 2023.
             Was a Believer of Uskayaw.
             Mangled by a salamander
             ... wielding a +4 glaive
              (9 damage)
             ... in a volcano.
             The game lasted 00:36:00 (18413 turns).

MackTheKnife the Severer (Formicid Wanderer)       Turns: 18413, Time: 00:36:01

Health: -6/118     AC: 22    Str: 23    XL:     14   Next: 42%
Magic:  20/20      EV: 15    Int: 13    God:    Uskayaw [**....]
Gold:   336        SH:  7    Dex: 15    Spells: 13/13 levels left

rFire   . . .        a - +5 war axe (freeze) {axe}
rCold   + . .        c - +2 buckler
rNeg    . . .        H - +2 leather armour {rPois}
rPois   +            (helmet unavailable)
rElec   .            C - +2 cloak
rCorr   .            z - +2 pair of gloves
SInv    +            i - +2 pair of boots
Will    +....        g - amulet of faith {!P}
Stlth   ++           O - +4 ring of protection
HPRegen 0.39/turn    f - +4 ring of protection
MPRegen 0.17/turn

%: faith
@: no status effects
A: permanent stasis, dig shafts and tunnels, antennae 3, four strong arms,
clever 1, cold resistance 1, strong 1
a: Dig, Renounce Religion, Stomp, Line Pass


You were in a volcano.
You worshipped Uskayaw.
Uskayaw was aware of your devotion.
You visited 3 branches of the dungeon, and saw 17 of its levels.
You also visited: Volcano.

You collected 1051 gold pieces.
You spent 715 gold pieces at shops.


Innate Abilities, Weirdness & Mutations

You cannot be hasted, slowed, berserked, paralysed or teleported.
You can dig through walls and to a lower floor.
You have a pair of large antennae on your head. (SInv)
Your four strong arms can wield two-handed weapons with a shield.
Your mind is acute. (Int +4, Str/Dex -1)
Your flesh is cold resistant. (rC+)
Your muscles are strong. (Str +4, Int/Dex -1)


   Skills:
 - Level 13.0 Fighting
 + Level 15.8 Axes
 - Level 2.0 Armour
 - Level 8.0 Dodging
 - Level 4.0 Stealth
 - Level 6.0 Shields
 - Level 2.0 Unarmed Combat
 - Level 8.0 Invocations
 - Level 8.0 Evocations


You had 13 spell levels left.
You didn't know any spells.
Your spell library contained the following spells:

 Spells                   Type           Power      Damage    Failure   Level
 Sandblast                Erth           0%         2d4       38%         1
 Shock                    Conj/Air       0%         1d3       38%         1
 Cigotuvi's Dreadful Rot  Necr/Pois/Air  0%         N/A       54%         2
 Lesser Beckoning         Tloc           0%         N/A       54%         2
 Passwall                 Tmut/Erth      0%         N/A       54%         2
 Gell's Gravitas          Tloc           0%         N/A       77%         3
 Hailstorm                Conj/Ice       0%         3d3       77%         3
 Ignite Poison            Fire/Tmut/Pois 0%         N/A       77%         3
 Stone Arrow              Conj/Erth      0%         3d7       77%         3
 Teleport Other           Tloc           0%         N/A       77%         3
 Airstrike                Air            0%         2d(0-16)  99%         4
 Dispel Undead            Necr           0%         3d6       99%         4
 Sticky Flame             Conj/Fire      0%         2d3       99%         4
 Summon Ice Beast         Ice/Summ       0%         N/A       99%         4
 Death Channel            Necr           0%         N/A       100%        6
 Simulacrum               Ice/Necr       0%         N/A       100%        6
 Ozocubu's Refrigeration  Ice            0%         4d7       100%        7
 Ignition                 Fire           0%         3d3       100%        8
 Polar Vortex             Ice            0%         N/A       100%        9
 Swiftness                Air            Unusable   N/A       N/A         3

Inventory:

Hand Weapons
 a - a +5 war axe of freezing (weapon) {axe}
   (You took it off a wight on level 7 of the Dungeon)
 b - a +2 whip of freezing {mace}
   (You took it off Pikel on level 5 of the Dungeon)
Missiles
 p - 9 atropa-tipped darts {throwing}
 G - 11 poisoned darts (quivered) {throwing}
Armour
 c - a +2 buckler (worn)
   (You bought it in a shop on level 7 of the Dungeon)
 i - a +2 pair of boots (worn)
   (You found it on level 1 of the Lair of Beasts)
 z - a +2 pair of gloves (worn)
   (You found it on level 6 of the Dungeon)
 C - a +2 cloak (worn)
   (You found it on level 4 of the Dungeon)
 H - a +2 leather armour of poison resistance (worn)
   (You took it off Eustachio on level 6 of the Dungeon)
Jewellery
 f - a +4 ring of protection (right hand)
   (You bought it in a shop on level 7 of the Dungeon)
 g - an amulet of faith (around neck) {!P}
   (You found it on level 1 of the Dungeon)
 k - a ring of positive energy
   (You found it on level 1 of the Lair of Beasts)
 s - a ring of willpower
   (You found it on level 2 of the Dungeon)
 t - a ring of ice
   (You found it on level 6 of the Dungeon)
 B - the ring of the Tick {rElec rN+ Will- rCorr Int+6}
   (You found it on level 4 of the Dungeon)

   [ring of intelligence]

   Int+6:     It affects your intelligence (+6).
   rElec:     It insulates you from electricity.
   rN+:       It protects you from negative energy.
   Will-:     It decreases your willpower.
   rCorr:     It protects you from acid and corrosion.
 O - a +4 ring of protection (left hand)
   (You found it on level 4 of the Lair of Beasts)
Wands
 d - a wand of flame (37)
   (You took it off Pikel on level 5 of the Dungeon)
 J - a wand of light (10)
   (You found it on level 7 of the Dungeon)
 M - a wand of mindburst (4)
   (You found it on level 7 of the Dungeon)
 N - a wand of charming (4)
   (You found it on level 4 of the Lair of Beasts)
Scrolls
 l - 3 scrolls of vulnerability {!r!r}
 n - 2 scrolls of fear
 o - a scroll of enchant armour
 q - a scroll of immolation {!r!r}
 u - a scroll of silence {!r}
 y - 3 scrolls of poison
 A - a scroll of enchant weapon
Potions
 e - 3 potions of mutation {!q}
 h - a potion of cancellation
 j - 4 potions of curing {@q1}
 m - a potion of lignification {!q}
 r - 5 potions of attraction {!q}
 v - 2 potions of brilliance
 w - 2 potions of ambrosia
 x - 3 potions of resistance
 D - 4 potions of enlightenment
 E - a potion of invisibility
 F - a potion of heal wounds {@q2}
 L - a potion of might

Dungeon Overview and Level Annotations

Branches:
Dungeon (11/15) Zot: 25134  Temple (1/1) D:7 Zot: 5973    Lair (5/5) D:11 Zot: 25249
 Spider (0/4) Lair:3        Slime (0/5) Lair:4          Orc (0/2) D:9
Volcano (1/1) Zot: 5552
  Swamp: Lair:2-3    Shoals: Lair:2-3

Altars:
Ashenzari
Cheibriados
Dithmenos
Elyvilon
Fedhas
Gozag
Hepliaklqana
Kikubaaqudgha
Makhleb
Nemelex Xobeh
Okawaru
Qazlal
Ru
Sif Muna
Trog
Uskayaw
Vehumet
Wu Jian
Xom
Yredelemnul
Zin
The Shining One
Jiyva

Shops:
D:7 *([=   D:8 *   D:11 :

Annotations:
D:2 Natasha
D:6 Jeremiah
D:7 Dowan, Duvessa
D:10 Erica
Lair:4 3 runed translucent doors, SeagullWaffle's ghost, journeyman MiFi

§≈≈#...#.....#...#≈≈≈§
≈§≈#...#######...#§≈§≈
≈≈≈#...'!$.!)')..#≈§≈≈
≈≈≈#...#..≈..#)..#≈§§§
#..)#8≈≈≈8#)..#≈≈≈≈ ≈
#..'..≈..'..## ≈ ≈≈
#..'.....'..# ≈
≈≈§##)#8...8#)##≈≈
≈≈≈≈###....@###N§≈
#≈≈≈≈§.....N§§§§≈#
##≈§≈≈8...8§§§§≈≈#
###≈≈)....§§§§§##
#≈≈.....≈≈≈###
##≈8...8≈≈§#
##.....#### #.....#
#8...8#


You could see a salamander (blind).


Message History

You start resting.
The air gets thick with the scent of sulphur. 😕 HP[+11]
You regained 11 hp, and now have 89/118 hp.
You start resting.
In the distance, the volcano erupts with a roar. 😕 HP[+1]
You start resting.
The air gets thick with the scent of sulphur. 😕 HP[+10]
You regained 10 hp, and now have 100/118 hp.
You start resting.
In the distance, the volcano erupts with a roar. 😕 HP[+1] Unknown command.
You start resting.
The air gets thick with the scent of sulphur. 😕 HP[+11]
You regained 11 hp, and now have 112/118 hp.
You start resting.
In the distance, the volcano erupts with a roar. 😕 HP[+1] 😕 HP[+1]
A salamander comes into view. It is wielding a +4 glaive.
The salamander moves out of view. 😕 HP[+3]
You regained 3 hp, and now have 117/118 hp.
A salamander is nearby!
A salamander is nearby!
A salamander is nearby! 😎 HP[+1]
Your hp is fully restored (118).
The salamander hits you with a +4 glaive.
You are engulfed in flames! 😕 HP[-14]
You take 14 damage, and now have 104/118 hp.
You hit the salamander. You freeze the salamander. You hit the salamander.
You freeze the salamander.
The salamander hits you but does no damage.
You hit the salamander. You freeze the salamander.
The salamander hits you with a +4 glaive!
You are engulfed in flames! 😮 HP[-27]
You take 27 damage, and now have 77/118 hp.
MASSIVE DAMAGE!! (PAUSE)
You hit the salamander. You freeze the salamander.
You block the salamander's attack. 😮 HP[+1]
You hit the salamander but do no damage.
Unknown command.
You barely miss the salamander.
The salamander hits you with a +4 glaive!
You are engulfed in flames!
* * * LOW HITPOINT WARNING * * *
😨 HP[-21]
You take 21 damage, and now have 57/118 hp.
You slash the salamander! You freeze the salamander.
The salamander hits you with a +4 glaive.
* * * LOW HITPOINT WARNING * * *
You are engulfed in flames!
* * * LOW HITPOINT WARNING * * *
You can now pass through a line of other dancers. 😨 HP[-18]
You take 18 damage, and now have 39/118 hp.
Unknown command.
You hit the salamander but do no damage.
The salamander hits you with a +4 glaive.
* * * LOW HITPOINT WARNING * * *
You are engulfed in flames!
* * * LOW HITPOINT WARNING * * *
😱 HP[-15]
You take 15 damage, and now have 24/118 hp.
Aiming: Polymorph
Press: ? - help, Shift-Dir - straight line, f - salamander
Aim: a salamander, wielding a +4 glaive (lava, heavily wounded, will become a rime drake, a harpy, or a hornet, chance to affect: 50%) Nothing appears to happen.
The now-empty wand crumbles to dust.
The salamander hits you with a +4 glaive!
* * * LOW HITPOINT WARNING * * *
You are engulfed in flames!
* * * LOW HITPOINT WARNING * * *
😱 HP[-20]
You take 20 damage, and now have 4/118 hp.
Unknown command.
Unknown command.
Okay, then.
Aiming: Bolt of Light
Press: ? - help, Shift-Dir - straight line, f - salamander
Aim: a salamander, wielding a +4 glaive (lava, heavily wounded, 84% to hit)
The bolt of light misses the salamander.
The salamander completely misses you. 😱 HP[+1]
Aiming: Bolt of Light
Press: ? - help, Shift-Dir - straight line, f/p - salamander
Aim: a salamander, wielding a +4 glaive (black smoke, lava, heavily wounded, 84% to hit)
The bolt of light hits the salamander!
The salamander is blinded.
The air gets thick with the scent of sulphur.
The salamander hits you with a +4 glaive.
* * * LOW HITPOINT WARNING * * *
You are engulfed in flames!
You die...

Skill      XL: |  1  2  3  4  5  6  7  8  9 10 11 12 13 14 |
---------------+-------------------------------------------+-----
Fighting       | 2 3 4 6 11 12 13 | 13.0
Axes           | 4 5 8 10 11 12 14 15 | 15.8
Dodging        | 1 2 4 8 |  8.0
Stealth        | 4 |  4.0
Armour         | 2 |  2.0
Invocations    | 4 8 |  8.0
Shields        | 5 6 |  6.0
Evocations     | 8 |  8.0
Unarmed Combat | |  2.0

Action                     |  1- 3 |  4- 6 |  7- 9 | 10-12 | 13-15 || total
---------------------------+-------+-------+-------+-------+-------++-------
  Melee: Hand axe          |   116 |    24 |       |       |       ||   140
         Punch             |     3 |     2 |     5 |     2 |       ||    12
         Short sword       |       |    15 |     9 |       |       ||    24
         Dagger            |       |   108 |   102 |       |       ||   210
         War axe           |       |       |   166 |   469 |   341 ||   976
         Whip              |       |       |       |       |     9 ||     9
  Throw: Dart              |       |       |    17 |    24 |       ||    41
         Throwing net      |       |       |     1 |       |       ||     1
 Invoke: Line Pass         |       |       |       |     2 |       ||     2
Ability: Dig               |       |       |     3 |       |       ||     3
  Evoke: Wand              |     1 |     3 |     7 |     5 |     7 ||    23
    Use: Scroll            |       |       |     9 |    21 |     5 ||    35
         Potion            |       |       |     4 |     3 |     1 ||     8
   Stab: Sleeping          |     5 |     5 |       |     2 |     6 ||    18
         Paralysed         |       |     1 |     4 |    48 |    50 ||   103
         Held in net/web   |       |       |     1 |       |       ||     1
         Invisible         |       |       |       |     1 |     2 ||     3
         Confused          |       |       |       |     1 |       ||     1
 Armour: Leather armour    |    69 |    80 |   116 |   267 |   172 ||   704
         Scale mail        |       |       |    79 |       |       ||    79
  Dodge: Dodged            |    77 |    81 |   192 |   212 |   146 ||   708
  Block: Buckler           |       |       |       |    84 |    92 ||   176

Levels and vault maps discovered:
D:1:      onia_arrival_handbag, layout_rooms
D:2:      layout_basic, ebering_ecumenical_altar_abandoned, uniq_natasha
D:3:      layout_basic, kiku_gazebo_garden_becter,
          nicolae_ru_great_annihilating_truth
D:4:      layout_gridville, regret_index_temple_of_mockery,
          mainiacjoe_overflow_tiny_flanked
D:5:      layout_basic, uniq_pikel
D:6:      layout_basic, uniq_eustachio, uniq_blork_the_orc, uniq_jeremiah
D:7:      layout_basic, chequers_temple_overflow_statue_of_worship,
          minmay_temple_entry_overgrown, serial_shops, shop,
          nicolae_shop_hallway_plus, shop, shop, uniq_maggie, uniq_duvessa,
          uniq_joseph
D:8:      layout_rooms, mrwooster_statue_mirror, nicolae_elemental_shop
D:9:      layout_basic, old_standard_altar, erik_orc_1, uniq_erolcha
D:10:     layout_loops_ring, old_standard_altar, uniq_erica
D:11:     layout_roguey, minmay_lair_entry_grove, nicolae_custom_books
Temple:   grunt_temple_mini_profane
Lair:1:   layout_chaotic_city, grunt_megastairs_5
Lair:2:   layout_gridlike, lemuel_fruit_fields, grunt_megastairs_1
Lair:3:   layout_chaotic_city, palyth_hydra_swamp_entry,
          spider_nest_entry_funnel_web, serial_bayou, serial_bayou_pond_e,
          serial_bayou_shore_b, serial_bayou_shore_b, serial_bayou_ford_a,
          serial_bayou_lagoon_b, dreamdust_wasp_nest
Lair:4:   layout_roguey, slime_entry_1, gammafunk_ghost_icy
Lair:5:   hellmonk_lair_end_abyssal_woods, layout_layer_cave, enter_volcano_2,
          infiniplex_staircase_pool
Volcano:  kennysheep_volcano_temple

Notes
Turn   | Place    | Note
-------+----------+-------------------------------------------
     0 | D:1      | MackTheKnife the Formicid Wanderer began the quest for the
                  | Orb.
     0 | D:1      | MackTheKnife set off with the following items: a +0 hand
                  | axe {axe}, a potion of brilliance, a potion of heal wounds
                  | {@q2}, a wand of flame (4), a potion of mutation {!q}, a +0
                  | leather armour.
     0 | D:1      | Reached XP level 1. HP: 15/15 MP: 1/1
     0 | D:1      | magus.rc [v1.9.6]
    58 | D:1      | Reached XP level 2. HP: 19/21 MP: 2/2
   122 | D:1      | Reached skill level 2 in Fighting
   138 | D:1      | You pick up a book of Geomancy and begin reading...
   138 | D:1      | You add the spells Sandblast, Passwall and Stone Arrow to
                  | your library.
   514 | D:2      | Reached XP level 3. HP: 25/27 MP: 3/3
   528 | D:2      | Noticed Natasha
   814 | D:2      | Found a faded altar of an unknown god.
  1141 | D:2      | Reached XP level 4. HP: 12/34 MP: 4/4
  1241 | D:3      | Found an ancient bone altar of Kikubaaqudgha.
  1366 | D:3      | Reached skill level 3 in Fighting
  1366 | D:3      | Reached skill level 4 in Axes
  1797 | D:3      | Reached skill level 1 in Dodging
  1797 | D:3      | Reached XP level 5. HP: 32/39 MP: 5/5
  2351 | D:3      | Found a sacrificial altar of Ru.
  2512 | D:4      | Found a shadowy altar of Dithmenos.
  2560 | D:4      | Reached skill level 2 in Dodging
  2810 | D:4      | Identified the ring of the Tick {rElec rN+ Will- rCorr
                  | Int+6}
  2931 | D:4      | Found a hazy altar of Hepliaklqana.
  2932 | D:4      | Found a shimmering altar of Xom.
  2933 | D:4      | Noticed a spectral ugly thing
  3215 | D:4      | You pick up a book of the Tundra and begin reading...
  3215 | D:4      | You add the spells Hailstorm, Summon Ice Beast and
                  | Simulacrum to your library.
  3346 | D:5      | Entered Level 5 of the Dungeon
  3384 | D:5      | Noticed a black bear
  3390 | D:5      | Reached XP level 6. HP: 47/47 MP: 6/6
  3477 | D:5      | Noticed an ogre
  3487 | D:5      | Killed an ogre
  3488 | D:5      | Reached skill level 3 in Dodging
  3585 | D:5      | Noticed an ogre
  3597 | D:5      | Killed an ogre
  3598 | D:5      | Reached skill level 4 in Dodging
  3598 | D:5      | Reached XP level 7. HP: 19/53 MP: 2/7
  3789 | D:5      | Reached skill level 4 in Fighting
  3950 | D:5      | Reached skill level 3 in Stealth
  3956 | D:5      | HP: 5/54 [white imp/puff of frost (10)]
  4170 | D:5      | You pick up a book of Decay and begin reading...
  4170 | D:5      | You add the spells Cigotuvi's Dreadful Rot, Dispel Undead
                  | and Death Channel to your library.
  4300 | D:5      | Gained mutation: Your mind is acute. (Int +4, Str/Dex -1)
                  | [potion of mutation]
  4300 | D:5      | Gained mutation: Your muscles are strong. (Str +4, Int/Dex
                  | -1) [potion of mutation]
  4300 | D:5      | Gained mutation: Your flesh is cold resistant. (rC+)
                  | [potion of mutation]
  4324 | D:5      | Reached skill level 4 in Stealth
  4462 | D:5      | Reached skill level 1 in Armour
  4477 | D:5      | Reached skill level 2 in Armour
  4562 | D:5      | Reached skill level 5 in Axes
  4734 | D:5      | Reached XP level 8. HP: 34/60 MP: 3/8
  4796 | D:5      | Noticed Pikel
  4950 | D:5      | Killed Pikel
  4951 | D:5      | Reached skill level 7 in Axes
  5260 | D:6      | magus.rc [v1.9.6]
  5270 | D:6      | Noticed Blork the orc
  5275 | D:6      | Killed Blork the orc
  5276 | D:6      | Reached skill level 8 in Axes
  5346 | D:6      | Noticed Eustachio
  5359 | D:6      | Killed Eustachio
  5360 | D:6      | Reached XP level 9. HP: 65/65 MP: 9/9
  5369 | D:6      | Reached skill level 9 in Axes
  5401 | D:6      | Identified the +1 rapier of the Wary Scars {heavy, rCorr
                  | Str+2 Int+4}
  5604 | D:6      | Noticed Jeremiah
  6054 | D:6      | Reached skill level 10 in Axes
  6672 | D:7      | Found Masicu's Jewellery Shop.
  6692 | D:7      | Found a blossoming altar of Fedhas.
  6692 | D:7      | Found a bloodstained altar of Trog.
  6693 | D:7      | Found a glowing golden altar of the Shining One.
  6693 | D:7      | Found an opulent altar of Gozag.
  6731 | D:7      | Found a staircase to the Ecumenical Temple.
  6732 | D:7      | Noticed a troll
  6733 | D:7      | Noticed a gargoyle
  6764 | D:7      | Killed a troll
  6765 | D:7      | Reached skill level 5 in Fighting
  6962 | Temple   | Entered the Ecumenical Temple
  6976 | Temple   | Became a worshipper of Uskayaw the Reveller
  7037 | D:7      | Reached * piety under Uskayaw
  7040 | D:7      | Reached ** piety under Uskayaw
  7048 | D:7      | Reached *** piety under Uskayaw
  7051 | D:7      | Reached **** piety under Uskayaw
  7053 | D:7      | Noticed Joseph
  7055 | D:7      | Reached skill level 6 in Fighting
  7055 | D:7      | Reached skill level 1 in Invocations
  7055 | D:7      | Reached ***** piety under Uskayaw
  7064 | D:7      | Killed Joseph
  7065 | D:7      | Reached skill level 4 in Invocations
  7065 | D:7      | Reached XP level 10. HP: 36/76 MP: 4/13
  7505 | D:7      | HP: 18/76 [gargoyle/+3 flail (4)]
  7516 | D:7      | HP: 7/76 [gargoyle/+3 flail (11)]
  7518 | D:7      | Killed a gargoyle
  7519 | D:7      | Reached skill level 6 in Invocations
  7678 | D:7      | Noticed Duvessa
  7679 | D:7      | Noticed Dowan
  7916 | D:7      | Found Faikad's Assorted Antiques.
  7920 | D:7      | Bought a scroll labelled XAAZORUUQI for 21 gold pieces
  7920 | D:7      | Bought a scroll labelled ATUOWO WESEHASO for 21 gold pieces
  7920 | D:7      | Bought a scroll labelled XAAZORUUQI for 21 gold pieces
  7920 | D:7      | Bought a scroll of identify for 42 gold pieces
  7931 | D:7      | Found Sappeyk's Weapon Emporium.
  7959 | D:7      | Noticed Maggie
  8023 | D:7      | Found Odwudgha's Armour Emporium.
  8501 | D:8      | Reached skill level 7 in Invocations
  8587 | D:8      | Found Onibles's Elemental Accessories.
  8764 | D:8      | Reached skill level 8 in Invocations
  9057 | D:9      | Noticed a komodo dragon
  9066 | D:9      | Killed a komodo dragon
  9067 | D:9      | Reached skill level 1 in Shields
  9073 | D:9      | Reached skill level 2 in Shields
  9280 | D:9      | You pick up a book of Air and begin reading...
  9280 | D:9      | You add the spells Shock and Airstrike to your library.
  9289 | D:9      | Found a snail-covered altar of Cheibriados.
  9352 | D:9      | Reached skill level 3 in Shields
  9517 | D:9      | Noticed a two-headed ogre
  9528 | D:9      | Killed a two-headed ogre
  9529 | D:9      | Reached skill level 4 in Shields
  9738 | D:9      | Reached skill level 11 in Axes
  9738 | D:9      | Reached skill level 5 in Shields
  9749 | D:9      | Reached XP level 11. HP: 49/81 MP: 11/17
  9752 | D:9      | Reached skill level 6 in Shields
  9892 | D:9      | Noticed Erolcha
  9910 | D:9      | Killed Erolcha
  9911 | D:9      | Reached skill level 12 in Axes
  9956 | D:9      | Found a staircase to the Orcish Mines.
  9960 | D:9      | Reached skill level 7 in Fighting
 10303 | D:10     | Entered Level 10 of the Dungeon
 10342 | D:10     | Found a stormy altar of Qazlal.
 10474 | D:10     | Reached skill level 8 in Fighting
 10708 | D:10     | Noticed a two-headed ogre
 10722 | D:10     | Killed a two-headed ogre
 10875 | D:10     | Noticed a two-headed ogre
 10885 | D:10     | Killed a two-headed ogre
 10886 | D:10     | Reached skill level 9 in Fighting
 10951 | D:10     | Noticed Erica
 11377 | D:11     | Found a staircase to the Lair.
 11395 | D:11     | Reached skill level 10 in Fighting
 11548 | D:11     | Noticed a cyclops
 11560 | D:11     | Killed a cyclops
 11649 | D:11     | HP: 18/92 [yak (7)]
 11654 | D:11     | HP: 14/92 [yak (6)]
 11656 | D:11     | Reached skill level 11 in Fighting
 11656 | D:11     | Reached XP level 12. HP: 16/100 MP: 4/18
 11928 | D:11     | Found Boekul's Self-Published Books.
 12411 | D:11     | Reached skill level 12 in Fighting
 12652 | D:11     | Noticed a boulder beetle
 12667 | D:11     | HP: 10/102 [boulder beetle (17)]
 12678 | D:11     | Killed a boulder beetle
 12993 | D:7      | Killed Maggie
 13010 | D:7      | Bought a +2 buckler for 214 gold pieces
 13097 | D:7      | Bought a +4 ring of protection for 396 gold pieces
 13177 | Lair:1   | Entered Level 1 of the Lair of Beasts
 13311 | Lair:1   | Reached skill level 3 in Evocations
 13401 | Lair:1   | Reached skill level 4 in Evocations
 13650 | Lair:1   | Reached skill level 5 in Evocations
 13826 | Lair:1   | Reached skill level 6 in Evocations
 14167 | Lair:1   | Identified the +0 dagger of the Shouting Gods {venom, rPois
                  | Str+4}
 14267 | Lair:1   | Reached skill level 7 in Evocations
 14277 | Lair:1   | Reached ****** piety under Uskayaw
 14553 | Lair:1   | Reached skill level 8 in Evocations
 14602 | Lair:2   | Reached XP level 13. HP: 92/109 MP: 19/19
 14604 | Lair:2   | Reached skill level 5 in Dodging
 14874 | Lair:2   | Reached skill level 6 in Dodging
 14922 | Lair:2   | Reached skill level 7 in Dodging
 14961 | Lair:2   | You pick up a book of Ice and begin reading...
 14961 | Lair:2   | You add the spells Ozocubu's Refrigeration and Polar Vortex
                  | to your library.
 15204 | Lair:2   | Reached skill level 8 in Dodging
 15341 | Lair:2   | You add the spells Ignite Poison, Sticky Flame and Ignition
                  | to your library.
 15496 | Lair:2   | Reached skill level 13 in Fighting
 15598 | Lair:2   | magus.rc [v1.9.6]
 15775 | Lair:3   | Noticed a catoblepas
 15869 | Lair:3   | Killed a catoblepas
 15870 | Lair:3   | Reached skill level 13 in Axes
 16213 | Lair:3   | Reached skill level 14 in Axes
 16215 | Lair:3   | Reached XP level 14. HP: 51/118 MP: 20/20
 16598 | Lair:3   | Found a hole to the Spider Nest.
 17551 | Lair:4   | Reached skill level 15 in Axes
 17556 | Lair:4   | You pick up a book of Displacement and begin reading...
 17556 | Lair:4   | You add the spells Lesser Beckoning, Gell's Gravitas and
                  | Teleport Other to your library.
 17636 | Lair:4   | Noticed SeagullWaffle's ghost (journeyman MiFi)
 17675 | Lair:4   | Found a viscous altar of Jiyva.
 17676 | Lair:4   | Found a staircase to the Slime Pits.
 17808 | Lair:4   | Found a runed translucent gate.
 17809 | Lair:4   | Found a runed translucent gate.
 17810 | Lair:4   | Found a runed translucent gate.
 17889 | Lair:5   | Entered Level 5 of the Lair of Beasts
 17930 | Lair:5   | Found a dark tunnel.
 17955 | Volcano  | Entered a volcano
 18053 | Volcano  | Found a burning altar of Makhleb.
 18153 | Volcano  | HP: 24/118 [salamander/+0 glaive (12)]
 18410 | Volcano  | HP: 24/118 [salamander/+4 glaive (15)]
 18411 | Volcano  | HP: 4/118 [salamander/+4 glaive (13)]
 18413 | Volcano  | Mangled by a salamander

Vanquished Creatures
  Erolcha (D:9)
  A hydra (Lair:4)
  A catoblepas (Lair:3)
  A boulder beetle (D:11)
  5 death yaks (Lair:3)
  3 two-headed ogres
  A hell knight (Volcano)
  A salamander mystic (Volcano)
  A skyshark (Lair:2)
  Pikel (D:5)
  A wolf spider (Lair:3)
  5 salamanders (Volcano)
  A manticore (D:11)
  5 elephants (Lair:2)
  A cyclops (D:11)
  Joseph (D:7)
  2 black mambas
  3 cane toads
  2 torpor snails (Lair:3)
  Maggie (D:7)
  2 gargoyles
  2 rime drakes (Lair:1)
  13 komodo dragons
  A kobold demonologist (D:11)
  2 polar bears
  7 blink frogs
  5 trolls
  5 hornets
  2 culicivoras (Lair:3)
  8 wyverns
  A shadow (D:11)
  39 yaks
  4 basilisks
  2 steam dragons
  Eustachio (D:6)
  2 swamp worms (Lair:3)
  17 water moccasins
  A swamp drake (D:9)
  2 orc warriors (D:9)
  6 black bears
  An ice beast (D:6)
  3 ogres (D:5)
  13 wolves
  4 centaurs
  3 lemures (D:5)
  A kobold brigand (D:8)
  Blork the orc (D:6)
  A gnoll sergeant (D:8)
  9 bullfrogs
  A scorpion (D:7)
  8 wights
  3 howler monkeys
  3 electric eels (Lair:3)
  A jelly (D:6)
  4 hounds
  5 orc priests
  2 gnoll boudas
  2 sleepcaps (D:6)
  6 iguanas
  9 orc wizards
  13 gnolls
  8 adders
  A shadow imp (D:7)
  3 white imps
  2 ufetubi
  A dart slug (D:5)
  30 orcs
  2 endoplasms
  A giant cockroach (D:2)
  6 goblins
  10 hobgoblins
  7 jackals
  6 quokkas
  6 ball pythons
  4 bats
  4 frilled lizards
  12 kobolds
  9 rats
  A butterfly (Lair:2)
366 creatures vanquished.

Table legend:
 A = Non-vault XP
 B = Vault XP
 C = Vault XP percentage of total XP
 D = Non-vault monster count
 E = Vault monster count
 F = Vault count percentage of total count
                 A         B        C        D         E       F
            +---------+---------+-------+---------+---------+-------
      Total |   44016 |   13139 |  23.0 |     294 |      68 |  18.8
            +---------+---------+-------+---------+---------+-------
        D:1 |      24 |       4 |  14.3 |      18 |       4 |  18.2
        D:2 |      52 |       0 |   0.0 |      16 |       0 |   0.0
        D:3 |      94 |       5 |   5.1 |      18 |       4 |  18.2
        D:4 |      79 |       0 |   0.0 |      18 |       0 |   0.0
        D:5 |     835 |     673 |  44.6 |      21 |       1 |   4.5
        D:6 |     793 |     266 |  25.1 |      27 |       2 |   6.9
        D:7 |    1366 |     844 |  38.2 |      15 |       2 |  11.8
        D:8 |     564 |       0 |   0.0 |      14 |       0 |   0.0
        D:9 |    3058 |    1470 |  32.5 |      13 |      18 |  58.1
       D:10 |    2571 |     189 |   6.8 |       8 |       1 |  11.1
       D:11 |    5159 |    1412 |  21.5 |      19 |      11 |  36.7
     Lair:1 |    6166 |     545 |   8.1 |      27 |       2 |   6.9
     Lair:2 |    8233 |     776 |   8.6 |      27 |       6 |  18.2
     Lair:3 |   10479 |    2803 |  21.1 |      33 |      10 |  23.3
     Lair:4 |    3995 |       0 |   0.0 |      18 |       0 |   0.0
     Lair:5 |     548 |       0 |   0.0 |       2 |       0 |   0.0
    Volcano |       0 |    4152 | 100.0 |       0 |       7 | 100.0
            +---------+---------+-------+---------+---------+-------

Skill      XL: |  1  2  3  4  5  6  7  8  9 10 11 12 13 14 |
---------------+-------------------------------------------+-----
Fighting       | 2 3 4 6 11 12 13 | 13.0
Axes           | 4 5 8 10 11 12 14 15 | 15.8
Dodging        | 1 2 4 8 |  8.0
Stealth        | 4 |  4.0
Armour         | 2 |  2.0
Invocations    | 4 8 |  8.0
Shields        | 5 6 |  6.0
Evocations     | 8 |  8.0
Unarmed Combat | |  2.0

Action                     |  1- 3 |  4- 6 |  7- 9 | 10-12 | 13-15 || total
---------------------------+-------+-------+-------+-------+-------++-------
  Melee: Hand axe          |   116 |    24 |       |       |       ||   140
         Punch             |     3 |     2 |     5 |     2 |       ||    12
         Short sword       |       |    15 |     9 |       |       ||    24
         Dagger            |       |   108 |   102 |       |       ||   210
         War axe           |       |       |   166 |   469 |   341 ||   976
         Whip              |       |       |       |       |     9 ||     9
  Throw: Dart              |       |       |    17 |    24 |       ||    41
         Throwing net      |       |       |     1 |       |       ||     1
 Invoke: Line Pass         |       |       |       |     2 |       ||     2
Ability: Dig               |       |       |     3 |       |       ||     3
  Evoke: Wand              |     1 |     3 |     7 |     5 |     7 ||    23
    Use: Scroll            |       |       |     9 |    21 |     5 ||    35
         Potion            |       |       |     4 |     3 |     1 ||     8
   Stab: Sleeping          |     5 |     5 |       |     2 |     6 ||    18
         Paralysed         |       |     1 |     4 |    48 |    50 ||   103
         Held in net/web   |       |       |     1 |       |       ||     1
         Invisible         |       |       |       |     1 |     2 ||     3
         Confused          |       |       |       |     1 |       ||     1
 Armour: Leather armour    |    69 |    80 |   116 |   267 |   172 ||   704
         Scale mail        |       |       |    79 |       |       ||    79
  Dodge: Dodged            |    77 |    81 |   192 |   212 |   146 ||   708
  Block: Buckler           |       |       |       |    84 |    92 ||   176

Illustrated notes

Table legend:
 A = Kills in this place as a percentage of kills in the entire game.
 B = Kills by you in this place as a percentage of kills by you in the entire game.
 C = Kills by friends in this place as a percentage of kills by friends in the entire game.
 D = Other kills in this place as a percentage of other kills in the entire game.
 E = Experience gained in this place as a percentage of experience gained in the entire game.
 F = Experience gained in this place divided by the number of levels of this place that you have seen.
                   A       B       C       D       E      F
               +-------+-------+-------+-------+-------+----------------------
         Total | 100.0 | 100.0 |   N/A |   N/A | 100.0 | 3175.3
       Dungeon |  63.5 |  63.5 |   N/A |   N/A |  34.0 | 1768.9
          Lair |  34.5 |  34.5 |   N/A |   N/A |  58.7 | 6709.0
       Volcano |   1.9 |   1.9 |   N/A |   N/A |   7.3 | 4152.0
               +-------+-------+-------+-------+-------+----------------------

Table legend: (Time is in decaauts)
 A = Elapsed time spent in this place.
 B = Non-inter-level travel time spent in this place.
 C = Inter-level travel time spent in this place.
 D = Time resting spent in this place.
 E = Time spent auto-exploring this place.
 F = Levels seen in this place.
 G = Mean time per level.
                   A        B        C        D        E       F      G
               +--------+--------+--------+--------+--------+-----+--------+
         Total |  18382 |  17638 |    744 |   4549 |   9004 |  18 | 1021.2 |
       Dungeon |  13157 |  12566 |    591 |   3248 |   6460 |  11 | 1196.1 |
        Temple |     26 |      1 |     25 |      0 |      0 |   1 |   26.0 |
          Lair |   4751 |   4623 |    128 |    985 |   2544 |   5 |  950.2 |
       Volcano |    446 |    446 |      0 |    316 |      0 |   1 |  446.0 |
               +--------+--------+--------+--------+--------+-----+--------+

Top non-repeatable levels by time:
     D:5: 2062 daAuts
    D:11: 1617 daAuts
  Lair:3: 1576 daAuts
     D:6: 1551 daAuts
     D:7: 1550 daAuts
  Lair:1: 1448 daAuts
     D:9: 1274 daAuts
     D:3: 1224 daAuts
    D:10: 1033 daAuts
  Lair:2: 984 daAuts
     D:4: 950 daAuts
     D:2: 743 daAuts
  Lair:4: 678 daAuts
     D:8: 658 daAuts
     D:1: 491 daAuts
